 Dungeon Crawl Stone Soup version 0.30-a0-241-g1121274140 (webtiles) character file.

Game seed: 385381371763207427

65 gzilladon the Covered (level 4, 39/39 HPs)
             Began as a Meteoran Fighter on Oct 10, 2022.
             Quit the game on level 3 of the Dungeon.
             The game lasted 00:05:04 (1176 turns).

gzilladon the Covered (Meteoran Fighter)            Turns: 1176, Time: 00:05:04

Health: 39/39      AC:  7    Str: 19    XL:     4   Next: 62%
Magic:  5/5        EV:  9    Int: 10    God:
Gold:   128        SH:  5    Dex: 13    Spells: 3/3 levels left

rFire   . . .      SeeInvis .    a - +0 flail
rCold   . . .      Faith    .    c - +0 buckler
rNeg    . . .      Spirit   .    b - +0 scale mail
rPois   .          Reflect  .    (no helmet)
rElec   .          Harm     .    (no cloak)
rCorr   .          Rampage  .    (no gloves)
Will    .....                    (no boots)
Stlth   ..........               (no amulet)
HPRegen 0.26/turn                (no ring)
MPRegen 0.09/turn                (no ring)

@: glowing
A: sense surroundings 1, otherworldly, glowing, explore regen
a: no special abilities


You were on level 3 of the Dungeon.
You visited 1 branch of the dungeon, and saw 3 of its levels.

You collected 128 gold pieces.

Inventory:

Hand Weapons
 a - a +0 flail (weapon)
Missiles
 k - 5 javelins (quivered)
Armour
 b - a +0 scale mail (worn)
 c - a +0 buckler (worn)
Scrolls
 f - a scroll of enchant armour {unknown}
 g - 3 scrolls of identify {unknown}
 i - a scroll of fog {unknown}
 l - a scroll of teleportation {unknown}
 m - a scroll of fear {unknown}
Potions
 d - a potion of might
 e - 2 potions of curing {unknown}
 h - a potion of berserk rage {unknown}
 j - a potion of cancellation {unknown}


   Skills:
 + Level 3.6 Fighting
 * Level 4.2 Maces & Flails
 + Level 4.2 Armour
 + Level 1.0 Dodging
 + Level 4.0 Shields


You had 3 spell levels left.
You didn't know any spells.
Your spell library contained the following spells:

 Spells                   Type           Power      Damage    Failure   Level
 Freeze                   Ice            0%         1d3       82%         1
 Frozen Ramparts          Ice            0%         1d1       99%         3
 Hailstorm                Conj/Ice       0%         3d3       99%         3


Dungeon Overview and Level Annotations

Branches:
Dungeon (3/15) Zot: 589

Altars:

Shops:
D:3 !


Innate Abilities, Weirdness & Mutations

You passively map a small area around you.
You are easily found by Zot.
You glow in the dark.
You regain HP and MP as you explore.


Message History

The bat attacks as you move away! The bat hits you but does no damage.
The bat closely misses you. The bat attacks as you move away!
You block the bat's attack. x2
The bat attacks as you move away! The bat hits you but does no damage.
The bat barely misses you.
You barely miss the bat. The bat hits you but does no damage.
You block the bat's attack. The bat attacks as you move away!
The bat hits you but does no damage. You block the bat's attack.
The bat hits you but does no damage. The bat attacks as you move away!
You block the bat's attack. The bat barely misses you. x2
The bat hits you but does no damage. The bat hits you but does no damage.
You hit the bat.
The bat is moderately wounded.
The bat hits you but does no damage. You block the bat's attack.
The bat hits you but does no damage. The bat attacks as you move away!
The bat barely misses you. x2
The bat completely misses you.
You barely miss the bat. The bat hits you but does no damage.
You thump the bat!
You kill the bat!
There is a stone staircase leading down here.
You climb downwards.
As you enter the new level, Zot loses track of you.
Found 15 gold pieces.
There is a stone staircase leading up here.
There is a stone staircase leading up here.
You climb upwards.
There is a stone staircase leading down here.
You climb downwards.
There is a stone staircase leading up here.
You open the door.
Found Buevaal's Distillery.
Found a stone staircase leading down.
There is an open door here.
There is a stone staircase leading down here.
There is an entrance to Buevaal's Distillery here.
Are you sure you want to abandon this character and quit the game? (Confirm with "yes".)

,, * * ** * ,
, *
############
+..@..>..'.#
##########.###
* ........<.#
,####.####.# ,
#,, , .# , ,
$# * * .# * *
,**.# * * , .#


There were no monsters in sight!

Vanquished Creatures
  3 adders (D:2)
  A worm (D:2)
  A dart slug (D:2)
  6 ball pythons
  2 bats
  3 endoplasms
  2 giant cockroaches (D:2)
  A goblin (D:1)
  4 hobgoblins
  A quokka (D:1)
  3 frilled lizards (D:2)
  4 kobolds
  3 rats
34 creatures vanquished.

Vanquished Creatures (others)
  2 fungi (D:2)
  10 plants (D:2)
12 creatures vanquished.

Grand Total: 46 creatures vanquished

Notes
Turn   | Place    | Note
-------+----------+-------------------------------------------
     0 | D:1      | gzilladon the Meteoran Fighter began the quest for the Orb.
     0 | D:1      | Reached XP level 1. HP: 19/19 MP: 2/2
   246 | D:1      | Reached XP level 2. HP: 26/26 MP: 3/3
   487 | D:1      | Glimpsed the power of Zot.
   537 | D:1      | Glimpsed the power of Zot.
   612 | D:2      | Reached XP level 3. HP: 31/31 MP: 4/4
   889 | D:2      | Reached XP level 4. HP: 34/38 MP: 5/5
   971 | D:2      | Reached skill level 1 in Dodging
  1069 | D:2      | Glimpsed the power of Zot.
  1117 | D:2      | Glimpsed the power of Zot.
  1168 | D:3      | Found Buevaal's Distillery.
  1176 | D:3      | Quit the game

Illustrated notes

Levels and vault maps discovered:
D:1:      minmay_arrival_four_circles, layout_basic, minmay_misc_feat_enclosed
D:2:      layout_basic, shapermc_ecumenical_altar_mp_ritualfount,
          corexii_corridor_pit, st_stairs_8
D:3:      layout_loops_ring, mainiacjoe_overflow_paths, serial_shops,
          nicolae_shop_hallway_stairs

Skill      XL: |  1  2  3  4 |
---------------+-------------+-----
Maces & Flails | 3 4 |  4.2
Armour         | 4 |  4.2
Shields        | 4 |  4.0
Dodging        | 1 |  1.0
Fighting       | |  3.6

Action                   |  1- 3 |  4- 6 || total
-------------------------+-------+-------++-------
Melee: Flail             |    84 |    42 ||   126
Armor: Scale mail        |    45 |    32 ||    77
Dodge: Dodged            |    29 |    26 ||    55
Block: Buckler           |    21 |    19 ||    40

Table legend: (Time is in decaauts)
 A = Elapsed time spent in this place.
 B = Non-inter-level travel time spent in this place.
 C = Inter-level travel time spent in this place.
 D = Time resting spent in this place.
 E = Time spent auto-exploring this place.
 F = Levels seen in this place.
 G = Mean time per level.
                   A        B        C        D        E       F      G
               +--------+--------+--------+--------+--------+-----+--------+
         Total |   1210 |   1182 |     28 |     74 |      0 |   3 |  403.3 |
       Dungeon |   1210 |   1182 |     28 |     74 |      0 |   3 |  403.3 |
               +--------+--------+--------+--------+--------+-----+--------+

Top non-repeatable levels by time:
     D:2: 632 daAuts
     D:1: 557 daAuts
     D:3: 20 daAuts
